 Dungeon Crawl Stone Soup version 0.30-a0-1074-g5db6f66fbb (webtiles) character file.

Game seed: 17418717514328120266

249 jimonade the Grasshopper (level 6, -4/55 HPs)
             Began as a Naga Warper on Apr 13, 2023.
             Killed by divine providence
             ... invoked by an orc priest
              (10 damage)
             ... on level 4 of the Dungeon.
             The game lasted 00:09:08 (3465 turns).

jimonade the Grasshopper (Naga Warper)              Turns: 3465, Time: 00:09:09

Health: -4/55      AC: 12    Str: 14    XL:     6   Next: 12%
Magic:  8/10       EV: 10    Int: 13    God:
Gold:   140        SH:  0    Dex: 18    Spells: 6/10 levels left

rFire   . . .      SeeInvis +    a - +0 short sword (protect)
rCold   . . .      Faith    .    (no shield)
rNeg    . . .      Spirit   .    b - +0 leather armour
rPois   +          Reflect  .    j - +1 hat
rElec   .          Rampage  .    (no cloak)
rCorr   .                        x - +0 pair of gloves
Will    .....                    (no barding)
Stlth   ++                       p - amulet of the acrobat
HPRegen 0.29/turn                l - +6 ring of dexterity
MPRegen 0.12/turn                (no ring)

@: under a protective aura, very slow
A: AC +2, large, see invisible, deformed body, poison resistance, slowness 2,
spit poison 1, naga tail 1
a: Spit Poison


You were on level 4 of the Dungeon.
You visited 1 branch of the dungeon, and saw 4 of its levels.

You collected 140 gold pieces.

Inventory:

Hand Weapons
 a - a +0 short sword of protection (weapon)
 e - a +0 mace
 q - a +0 short sword of speed
 s - a +0 whip of draining
Missiles
 d - 7 boomerangs of dispersal
 o - 3 poisoned darts
Armour
 b - a +0 leather armour (worn)
 j - a +1 hat (worn)
 x - a +0 pair of gloves (worn)
Jewellery
 l - a +6 ring of dexterity (left hand)
 p - an amulet of the acrobat (around neck)
 v - a ring of ice
Scrolls
 c - 2 scrolls of blinking
 g - a scroll of magic mapping {unknown}
 m - a scroll of teleportation
 r - a scroll of enchant armour {unknown}
 u - a scroll of fog {unknown}
 w - a scroll of identify
Potions
 f - 3 potions of curing {unknown}
 h - 3 potions of mutation
 i - a potion of berserk rage
 k - 2 potions of brilliance
 n - a potion of resistance {unknown}
 t - a potion of flight


   Skills:
 + Level 2.4 Fighting
 + Level 2.9 Short Blades
 + Level 0.9 Throwing
 + Level 1.9 Armour
 + Level 2.0 Dodging
 + Level 1.1 Stealth
 * Level 2.8 Spellcasting
 * Level 2.0 Summonings
 * Level 4.1 Translocations


You had 6 spell levels left.
You knew the following spells:

 Your Spells              Type           Power      Damage    Failure   Level
a - Blink                 Tloc           24%        N/A       9%          2
b - Lesser Beckoning      Tloc           24%        N/A       9%          2

Your spell library contained the following spells:

 Spells                   Type           Power      Damage    Failure   Level
 Teleport Other           Tloc           12%        N/A       16%         3
 Call Imp                 Summ           14%        N/A       19%         2
 Magic Dart               Conj           4%         1d3       28%         1
 Vhi's Electric Charge    Tloc/Air       14%        N/A       36%         3
 Manifold Assault         Tloc           12%        N/A       47%         4
 Mephitic Cloud           Conj/Pois/Air  1%         N/A       65%         3
 Arcjolt                  Conj/Air       0%         1d10      100%        5
 Plasma Beam              Fire/Air       0%         2x1d11    100%        6


Dungeon Overview and Level Annotations

Branches:
Dungeon (4/15)
 Temple: D:4-7

Altars:

Shops:
D:1 *   D:3 !


Innate Abilities, Weirdness & Mutations

Your serpentine skin is tough. (AC +2)
You have supernaturally acute eyesight. (SInv)
Armour fits poorly on your strangely shaped body.
Your system is resistant to poisons. (rPois)
You cover ground very slowly.
You can spit poison.
You have a snake-like lower body.


Message History

The quokka is severely wounded.
Blork the orc closely misses you.
The quokka bites you but does no damage.
The orc priest calls upon Beogh to heal Blork the orc.
Blork the orc is healed somewhat.
Blork the orc looks encouraged for a moment.
You hit Blork the orc.
Blork the orc is almost dead.
Blork the orc hits you but does no damage.
The quokka bites you but does no damage.
The orc priest casts a cantrip, but nothing happens.
You hit Blork the orc.
Blork the orc is almost dead.
Blork the orc barely misses you.
The quokka bites you but does no damage.
You hit Blork the orc but do no damage.
Blork the orc is almost dead.
Blork the orc hits you but does no damage.
The quokka barely misses you.
Blork the orc hits you with a +0 scimitar.
* * * LOW HITPOINT WARNING * * *
You hit Blork the orc.
You kill Blork the orc!
The quokka bites you but does no damage.
Your Dodging skill increases to level 2!
Your Summonings skill increases to level 2!
Your Translocations skill increases to level 4!
You have reached level 6!
Your skin feels tougher.
You hit the orc priest but do no damage.
The quokka misses you. The orc priest misses you.
You hit the orc priest but do no damage.
The quokka bites you but does no damage.
The orc priest hits you but does no damage.
You hit the orc priest.
The orc priest is lightly wounded.
The quokka barely misses you.
The orc priest invokes the aid of Beogh against you.
Beogh smites you!
You die...

.... ...# ...g. ...#
.....###...# .
#.###...###.# ..
#.........# #..
..###.o.###...###
.....###.........
..###...###...##
#....>oo@r###..
..###...###...## ####
.....###.........######...
..###...###...####........
#.........###............
####...###.[.............
####.).....#<.........
..######.#...........##.##
#........#.###.#........#


You could see an orc priest, an orc and a quokka.

Vanquished Creatures
  Blork the orc (D:4)
  An orc wizard (D:4)
  6 adders
  3 gnolls
  A river rat (D:3)
  A worm (D:2)
  7 orcs
  4 ball pythons (D:3)
  4 bats
  4 endoplasms
  A giant cockroach (D:3)
  3 goblins
  6 hobgoblins
  A quokka (D:1)
  A frilled lizard (D:3)
  7 kobolds
  9 rats
60 creatures vanquished.

Vanquished Creatures (others)
  A giant cockroach (D:4)
1 creature vanquished.

Grand Total: 61 creatures vanquished

Notes
Turn   | Place    | Note
-------+----------+-------------------------------------------
     0 | D:1      | jimonade the Naga Warper began the quest for the Orb.
     0 | D:1      | Reached XP level 1. HP: 19/19 MP: 3/3
   121 | D:1      | Found a faded altar of an unknown god.
   305 | D:1      | Found Zyuke's Assorted Antiques.
   730 | D:1      | Reached XP level 2. HP: 26/26 MP: 5/5
  1163 | D:2      | Reached XP level 3. HP: 27/32 MP: 6/6
  1393 | D:2      | Reached skill level 1 in Summonings
  1583 | D:3      | Found Xivoe's Distillery.
  2069 | D:3      | Reached skill level 1 in Armour
  2069 | D:3      | Reached XP level 4. HP: 39/39 MP: 7/7
  2798 | D:2      | Reached XP level 5. HP: 16/45 MP: 8/8
  3294 | D:4      | Reached skill level 1 in Stealth
  3349 | D:3      | Learned a level 2 spell: Blink
  3352 | D:3      | Learned a level 2 spell: Lesser Beckoning
  3428 | D:4      | Noticed Blork the orc
  3462 | D:4      | Killed Blork the orc
  3463 | D:4      | Reached skill level 4 in Translocations
  3463 | D:4      | Reached XP level 6. HP: 5/55 MP: 8/10
  3465 | D:4      | Killed from afar by an orc priest

Illustrated notes

Levels and vault maps discovered:
D:1:      wander_arrival_lonely_grave, layout_basic, serial_shops,
          nicolae_shop_statue_plus, ebering_ecumenical_altar_hall
D:2:      layout_rooms
D:3:      layout_basic, portal_sewer_entry_b, serial_shops,
          nicolae_shop_advertising_works [nicolae_subvault_shop_adworks],
          corexii_leaking_fountain
D:4:      nicolae_BIG_FREAKIN_CUBE, layout_basic, brannock_xom_greatest_gift,
          serial_shops, nicolae_shop_hallway_plus, shop, uniq_pikel,
          uniq_blork_the_orc

Skill      XL: |  1  2  3  4  5 |
---------------+----------------+-----
Summonings     | 1 2 |  2.0
Armour         | 1 |  1.9
Stealth        | 1 |  1.1
Dodging        | 2 |  2.0
Translocations | 4 |  4.1
Fighting       | |  2.4
Short Blades   | |  2.9
Throwing       | |  0.9
Spellcasting   | |  2.8

Action                     |  1- 3 |  4- 6 || total
---------------------------+-------+-------++-------
  Melee: Short sword       |   115 |   152 ||   267
         Punch             |       |     1 ||     1
Ability: Spit Poison       |    17 |    25 ||    42
    Use: Scroll            |     7 |     1 ||     8
   Stab: Sleeping          |     1 |       ||     1
 Armour: Leather armour    |    21 |    72 ||    93
  Dodge: Dodged            |    43 |   113 ||   156

Table legend: (Time is in decaauts)
 A = Elapsed time spent in this place.
 B = Non-inter-level travel time spent in this place.
 C = Inter-level travel time spent in this place.
 D = Time resting spent in this place.
 E = Time spent auto-exploring this place.
 F = Levels seen in this place.
 G = Mean time per level.
                   A        B        C        D        E       F      G
               +--------+--------+--------+--------+--------+-----+--------+
         Total |   4404 |   4172 |    232 |    372 |   2732 |   4 | 1101.0 |
       Dungeon |   4404 |   4172 |    232 |    372 |   2732 |   4 | 1101.0 |
               +--------+--------+--------+--------+--------+-----+--------+

Top non-repeatable levels by time:
     D:3: 2053 daAuts
     D:1: 1214 daAuts
     D:2: 976 daAuts
     D:4: 160 daAuts
